Map: Terraços Prion

Players

ToP

  • Race: Protoss Protoss
  • League: Master

TheZergLord - Winner!

  • Race: Zerg Zerg
  • League: Master

VOD

Have the link to the VOD?

Description

Time

  • Played on: May 5, 2016, 11:59 a.m.
  • Length: 8:34
Show
View Real Time Build Order
Export as new Build Order

ToP Protoss 

Build Orders:  

Get SALT Encoding   

  12  0:01  Probe (Chrono Boost)  
  13  0:11  Probe (Chrono Boost)  
  14  0:19  Pylon  
  14  0:22  Probe (Chrono Boost)  
  15  0:38  Probe (Chrono Boost)  
  16  0:48  Probe (Chrono Boost)  
  17  1:06  Gateway  
  17  1:12  Nexus  
  17  1:23  Forge  
  17  1:30  Pylon  
  17  1:37  Probe (Chrono Boost)  
  18  1:48  Probe (Chrono Boost)  
  18  1:51  Assimilator  
  18  1:53  Zealot (Chrono Boost)  
  21  1:59  Photon Cannon  
  21  2:13  Gateway  
  21  2:20  Cybernetics Core  
  18  2:45  Zealot (Chrono Boost)  
  18  2:48  Probe  
  18  2:49  Probe  
  21  2:59  Probe  
  21  3:02  Probe  
  25  3:20  Zealot (Chrono Boost)  
  25  3:27  Probe  
  28  3:44  Probe  
  28  3:45  Probe, Zealot (Chrono Boost)  
  29  3:52  Assimilator  
  29  3:55  Probe  
  29  3:57  Probe  
  31  4:05  Probe  
  31  4:09  Probe  
  32  4:16  Warp Gate (Chrono Boost)  
  32  4:17  Mothership Core  
  32  4:22  Probe  
  35  4:34  Probe  
  35  4:38  Probe (Chrono Boost)  
  37  4:47  Probe (Chrono Boost)  
  37  4:50  Probe (Chrono Boost)  
  39  4:53  Twilight Council  
  39  4:57  Pylon  
  39  4:58  Probe (Chrono Boost)  
  40  5:00  Probe (Chrono Boost), Stalker  
  43  5:07  Pylon  
  43  5:08  Probe (Chrono Boost)  
  43  5:11  Probe (Chrono Boost)  
  45  5:17  Probe  
  46  5:22  Probe  
  46  5:28  Probe  
  47  5:34  Probe  
  49  5:39  Probe  
  44  5:53  Gateway  
  44  5:56  Gateway  
  44  5:58  Nexus  
  44  6:01  Pylon  
  44  6:02  Pylon  
  44  6:09  Robotics Facility  
  44  6:12  Probe  
  44  6:13  Dark Shrine  
  44  6:14  Probe  
  44  6:16  Assimilator  
  46  6:19  Stalker x2  
  46  6:22  Resonating Glaives (Chrono Boost)  
  46  6:23  Assimilator  
  49  6:43  Stalker x2  
  53  6:47  Probe  
  53  6:49  Probe  
  53  6:50  Pylon  
  55  6:57  Pylon  
  55  6:59  Immortal (Chrono Boost)  
  55  7:00  Probe  
  59  7:02  Probe  
  59  7:03  Forge  
  61  7:10  Pylon  
  61  7:11  Probe  
  61  7:12  Probe  
  61  7:14  Probe, Adept  
  61  7:15  Adept x3  
  72  7:22  Probe  
  72  7:24  Probe, Pylon  
  74  7:41  Dark Templar x2  
  74  7:43  Probe x2  
  80  7:47  Assimilator  
  80  7:49  Assimilator  
  78  7:54  Dark Templar  
  68  8:06  Dark Templar  
  68  8:11  Probe x2  
  55  8:30  Dark Templar, Zealot  
Show
View Real Time Build Order
Export as new Build Order

TheZergLord Zerg - Winner!

Build Orders: Pool First 

Get SALT Encoding   

  12  0:18  Spawning Pool  
  11  0:22  Drone  
  11  0:26  Drone  
  13  0:31  Drone  
  14  0:40  Overlord  
  14  1:05  Zergling x6  
  17  1:15  Hatchery  
  17  1:17  Zergling x2  
  17  1:27  Zergling x2  
  18  1:33  Queen  
  20  1:41  Overlord  
  20  1:49  Drone  
  21  2:14  Queen, Drone x2  
  24  2:31  Drone x2  
  26  2:40  Hatchery  
  26  2:43  Drone x2  
  26  2:50  Drone x2  
  28  2:56  Drone  
  29  3:02  Drone x2  
  31  3:11  Drone x3  
  34  3:15  Drone  
  34  3:17  Overlord  
  35  3:21  Extractor  
  35  3:22  Extractor  
  35  3:25  Drone x2  
  35  3:28  Overlord  
  35  3:36  Drone x3  
  38  3:44  Drone x3  
  41  3:49  Zergling x2  
  41  3:50  Zergling x4  
  41  3:53  Queen  
  46  3:58  Overlord  
  46  4:00  Drone x2  
  46  4:10  Drone x3  
  46  4:14  Metabolic Boost  
  49  4:23  Drone x3  
  49  4:24  Overlord, Drone x3  
  55  4:30  Drone x3  
  58  4:36  Drone x2  
  59  4:45  Lair  
  59  4:47  Extractor  
  59  4:49  Extractor  
  57  4:55  Drone x2  
  57  4:57  Evolution Chamber, Roach Warren  
  57  5:00  Hatchery, Overlord  
  56  5:18  Drone  
  56  5:20  Hatchery  
  56  5:23  Zerg Missile Weapons Level 1  
  50  5:44  Roach x14  
  50  5:45  Roach x2  
  79  5:51  Extractor  
  79  5:52  Extractor  
  79  5:54  Queen  
  79  5:56  Drone x3  
  82  5:58  Overlord x3  
  82  6:05  Glial Reconstitution  
  82  6:07  Overlord x2  
  82  6:21  Drone x7  
  82  6:25  Roach x3  
  95  6:34  Roach x3  
  95  6:35  Roach  
  95  6:36  Roach  
  95  6:38  Roach  
  106  6:42  Roach x2  
  110  6:48  Drone  
  110  6:49  Roach x3  
  110  6:52  Overseer  
  110  6:54  Overlord  
  117  6:55  Overlord  
  117  6:57  Roach  
  117  6:59  Roach  
  117  7:01  Roach  
  123  7:02  Roach  
  125  7:10  Overlord x3  
  125  7:13  Roach  
  125  7:14  Roach x2  
  131  7:23  Roach x3  
  131  7:24  Roach x2  
  131  7:27  Overlord x2  
  141  7:30  Roach x2  
  141  7:33  Roach x2  
  149  7:44  Roach x3  
  149  7:45  Roach x2  
  153  8:05  Roach x2  
  151  8:06  Roach x7  
  157  8:12  Overlord  
  157  8:13  Overlord x2  
  157  8:17  Spine Crawler  
  157  8:18  Spore Crawler  
Tags
 
Add a new tag
Caveats
  • Supply blocks, unpowered buildings, or Contaminate may cause inaccurate times.
  • Supply counts are checked every 10 seconds.